 Dungeon Crawl Stone Soup version 0.31-a0-437-g7cee417757 (console) character file.

Game seed: 11652733821458526574

197 Lexodia the Sneak (level 5, -3/22 HPs)
             Began as a Felid Shapeshifter on Aug 2, 2023.
             Slain by a phantom (5 damage)
             ... in a sewer.
             The game lasted 00:05:44 (2074 turns).

Lexodia the Sneak (Felid Shapeshifter)              Turns: 2074, Time: 00:05:44

Health: -3/22      AC:  2    Str: 11    XL:     5   Next: 46%
Magic:  8/8        EV: 19    Int: 10    God:
Gold:   141        SH:  0    Dex: 18    Spells: 5/7 levels left
                                        Lives:  0   Deaths: 1

rFire   . .          .
                       - Unarmed
rCold   . . .        (shield unavailable)
rNeg    . . .        (body armour unavailable)
rPois   .            (helmet unavailable)
rElec   .            (cloak unavailable)
rCorr   .            (gloves unavailable)
SInv    +            (boots unavailable)
Will    .....        (no amulet)
Stlth   +++          (no ring)
HPRegen 0.23/turn    (no ring)
MPRegen 0.11/turn

%: no passive effects
@: beast-form, quick
A: beast (slay +2), very small, claws 1, fangs 3, see invisible, speed 1, shaggy
fur 2, stealthy paws, no weapons or thrown items, no armour, multi-lived
a: Begin Untransformation


You were in a sewer.
You were a hulking beast.
You visited 1 branch of the dungeon, and saw 3 of its levels.
You also visited: Sewer.

You collected 141 gold pieces.

Inventory:

Talismans
 b - a beast talisman (active)
Scrolls
 c - a scroll of blinking {unknown}
 d - a scroll of fear {unknown}
 e - 2 scrolls of teleportation
 f - 2 scrolls of poison {unknown}
 g - a scroll of fog {unknown}
 h - a scroll of noise {unknown}
 j - a scroll of vulnerability {unknown}


   Skills:
 - Level 1.0 Fighting
 + Level 4.5 Dodging
 + Level 5.0 Stealth
 + Level 4.7 Unarmed Combat
 + Level 1.8 Spellcasting
 - Level 2.0 Hexes
 - Level 3.2 Shapeshifting


You had 5 spell levels left.
You knew the following spells:

 Your Spells              Type           Power      Damage    Failure   Level
a - Ensorcelled Hibernat  Hex/Ice        4%         N/A       32%         2

Your spell library contained the following spells:

 Spells                   Type           Power      Damage    Failure   Level
 Passwall                 Tmut/Erth      0%         N/A       43%         2
 Swiftness                Air            0%         N/A       67%         3


Dungeon Overview and Level Annotations

Branches:
Dungeon (3/15)              Sewer (1/1)

Altars:
Okawaru

Shops:
D:2 :


Innate Abilities, Weirdness & Mutations

You are a hulking beast.
Your limbs bulge with bestial killing power. (Slay +2)
You have sharp claws.
You have razor-sharp teeth.
You have supernaturally acute eyesight. (SInv)
You cover ground quickly. (Speed+)
You are covered in thick fur. (AC +2)
Your paws help you pounce on unaware monsters.
You are incapable of wielding weapons or throwing items.
You cannot wear armour.
You gain extra lives every three experience levels.


Message History

You closely miss the ufetubus.
The ufetubus is lightly wounded.
The ufetubus misses you. The ufetubus completely misses you.
You barely miss the ufetubus.
The ufetubus is lightly wounded.
The ufetubus hits you but does no damage.
The ufetubus closely misses you. The kobold hits you with a +0 club.
The ufetubus closely misses you. x2
Huge Dmg: -14%(-3hp) hp: 32%(7hp)
You scratch the ufetubus.
You kill the ufetubus!
The kobold barely misses you.
Casting: Ensorcelled Hibernation (quite dangerous; 32% risk of failure)
Confirm with . or Enter, or press ? or * to list all spells.
The spell is quite dangerous to miscast (32% risk of failure)!
Continue anyway?
Okay, then.
Unknown command.
You claw the kobold!
You kill the kobold!
You scratch the phantom.
The phantom is heavily damaged.
You scratch the phantom.
The phantom is heavily damaged.
The phantom closely misses you.
You claw the phantom! You claw the phantom, but do no damage.
The phantom is almost destroyed.
The phantom barely misses you.
You scratch the phantom.
The phantom is almost destroyed.
The kobold zombie completely misses you.
You scratch the phantom.
The phantom is almost destroyed.
The phantom hits you!
* * * LOW HITPOINT WARNING * * *
Huge Dmg: -32%(-7hp) hp: 5%(1hp) Unknown command.
You completely miss the phantom.
The phantom is almost destroyed.
The phantom hits you.
You die...

+.......')......###
#...⌠...#≈~≈≈≈≈##
###...##########
####+## ≈#. .K. ..
# ##≈#######'#
#~≈~#h.....#
...#≈≈≈#WZ..~~#
≈....≈).)~~~≈~#
≈~.#..)#≈≈≈≈≈≈#
≈≈~≈...#≈~≈≈≈≈#
≈≈≈#...#≈≈≈≈≈≈# ≈≈
#...≈~≈≈≈≈≈# ≈
#...#~≈≈≈≈≈#
≈...#≈≈≈≈≈≈#


You could see a phantom and a kobold zombie.

Vanquished Creatures
  Grinder (Sewer)
  A wight (Sewer)
  4 adders
  An ufetubus (Sewer)
  An adder zombie (Sewer)
  A worm (D:2)
  3 dart slugs
  An orc (D:3)
  6 ball pythons
  6 endoplasms
  3 giant cockroaches
  3 hobgoblins
  3 quokkas
  8 bats
  2 frilled lizards (D:1)
  5 goblins
  14 kobolds
  A kobold zombie (Sewer)
  6 rats
70 creatures vanquished.

Notes
Turn   | Place    | Note
-------+----------+-------------------------------------------
     0 | D:1      | Lexodia the Felid Shapeshifter began the quest for the Orb.
     0 | D:1      | Reached XP level 1. HP: 9/9 MP: 2/2
    93 | D:1      | Reached skill level 1 in Stealth
   113 | D:1      | Huge Dmg: 2 dmg
   142 | D:1      | Huge Dmg: 2 dmg
   157 | D:1      | Reached XP level 2. HP: 10/12 MP: 3/3
   228 | D:1      | Reached skill level 2 in Stealth
   242 | D:1      | Huge Dmg: 4 dmg
   246 | D:1      | Huge Dmg: 4 dmg
   802 | D:2      | Reached XP level 3. HP: 15/15 MP: 4/4
   824 | D:2      | Found an iron altar of Okawaru.
   855 | D:2      | Reached skill level 3 in Stealth
   904 | D:2      | Huge Dmg: 7 dmg
  1123 | D:2      | Found Lopsoar's Book Shoppe.
  1265 | D:2      | Reached XP level 4. HP: 17/19 MP: 5/5
  1274 | D:2      | Learned a level 2 spell: Ensorcelled Hibernation
  1331 | D:2      | Huge Dmg: 8 dmg
  1794 | D:3      | Found a glowing drain.
  1830 | Sewer    | Entered a sewer
  1833 | Sewer    | Noticed Grinder
  1838 | Sewer    | Huge Dmg: 9 dmg
  1841 | Sewer    | Huge Dmg: 5 dmg
  1847 | Sewer    | Huge Dmg: 5 dmg
  1857 | Sewer    | Huge Dmg: 5 dmg
  1858 | Sewer    | Huge Dmg: 4 dmg
  1858 | Sewer    | Killed Grinder
  1859 | Sewer    | Reached skill level 4 in Stealth
  1859 | Sewer    | Reached skill level 1 in Spellcasting
  1859 | Sewer    | Reached XP level 5. HP: 8/22 MP: 5/8
  1859 | Sewer    | Gained mutation: You are covered in thick fur. (AC +2)
                  | [Felid growth]
  1859 | Sewer    | Reached XP level 6. HP: 9/25 MP: 5/9
  1942 | Sewer    | Found an ancient bone altar of Kikubaaqudgha.
  1956 | Sewer    | Reached skill level 5 in Stealth
  1960 | Sewer    | Huge Dmg: 8 dmg
  2034 | Sewer    | Huge Dmg: 8 dmg
  2036 | Sewer    | Huge Dmg: 4 dmg
  2038 | Sewer    | Huge Dmg: 8 dmg
  2039 | Sewer    | Slain by a phantom
  2040 | Sewer    | Reached XP level 5. HP: -1/22 MP: 8/8
  2056 | Sewer    | Huge Dmg: 5 dmg
  2059 | Sewer    | Huge Dmg: 4 dmg
  2062 | Sewer    | Huge Dmg: 5 dmg
  2065 | Sewer    | Huge Dmg: 3 dmg
  2067 | Sewer    | Huge Dmg: 3 dmg
  2073 | Sewer    | HP: 1/22 [phantom (7)]
  2074 | Sewer    | Huge Dmg: 7 dmg
  2074 | Sewer    | Slain by a phantom

Illustrated notes

Levels and vault maps discovered:
D:1:      onia_arrival_pyramid, layout_basic
D:2:      layout_loops_ring, serial_shops, nicolae_shop_behind_doors,
          basic_altar
D:3:      layout_loops_cross, cheibrodos_sewer_entry_drain,
          ebering_ecumenical_altar_petrified
Sewer:    kennysheep_sewer_church

Skill      XL: |  1  2  3  4  5  6 |
---------------+-------------------+-----
Stealth        | 1 2 3 4 5 |  5.0
Unarmed Combat | 4 |  4.7
Dodging        | 4 |  4.5
Spellcasting   | 1 |  1.8
Hexes          | 2 |  2.0
Fighting       | |  1.0
Shapeshifting  | |  3.2

Action                     |  1- 3 |  4- 6 || total
---------------------------+-------+-------++-------
  Melee: Unarmed           |    62 |   100 ||   162
         Bite              |     7 |     3 ||    10
         Punch             |     1 |     2 ||     3
    Use: Potion            |       |     7 ||     7
         Scroll            |       |     1 ||     1
   Stab: Sleeping          |     9 |     5 ||    14
 Armour: Skin              |     4 |    34 ||    38
  Dodge: Dodged            |    38 |   106 ||   144

Table legend: (Time is in decaauts)
 A = Elapsed time spent in this place.
 B = Non-inter-level travel time spent in this place.
 C = Inter-level travel time spent in this place.
 D = Time resting spent in this place.
 E = Time spent auto-exploring this place.
 F = Levels seen in this place.
 G = Mean time per level.
                   A        B        C        D        E       F      G
               +--------+--------+--------+--------+--------+-----+--------+
         Total |   1769 |   1700 |     69 |    313 |    961 |   4 |  442.2 |
       Dungeon |   1539 |   1470 |     69 |    189 |    948 |   3 |  513.0 |
         Sewer |    230 |    230 |      0 |    124 |     13 |   1 |  230.0 |
               +--------+--------+--------+--------+--------+-----+--------+

Top non-repeatable levels by time:
     D:2: 692 daAuts
     D:1: 657 daAuts
   Sewer: 230 daAuts
     D:3: 189 daAuts
